 Dungeon Crawl Stone Soup version 0.31.0-11-ge490571c62 (webtiles) character file.

Game seed: 2206936425816028520

4 puppykicker the Ducker (level 1, 0/10 HPs)
             Began as a Spriggan Gladiator on Jan 30, 2024.
             Slain by a jackal (1 damage)
             ... on level 1 of the Dungeon.
             The game lasted 00:00:44 (168 turns).

puppykicker the Ducker (Spriggan Gladiator)          Turns: 168, Time: 00:00:44

Health: 0/10       AC:  2    Str: 10    XL:     1   Next: 50%
Magic:  2/2        EV: 18    Int:  9    God:
Gold:   18         SH:  0    Dex: 16    Spells: 0/0 levels left

rFire   . . .        b - +0 spear
rCold   . . .        (no shield)
rNeg    . . .        g - +0 robe
rPois   .            c - +0 hat
rElec   .            (no cloak)
rCorr   .            (gloves unavailable)
SInv    +            (boots unavailable)
Will    .....        (no amulet)
Stlth   +            (no ring)
HPRegen 0.21/turn    (no ring)
MPRegen 0.08/turn

%: no passive effects
@: very quick
A: very small, no large weapons, unfitting armour, see invisible, speed 3
a: no special abilities


You were on level 1 of the Dungeon.
You visited 1 branch of the dungeon, and saw 1 of its levels.

You collected 18 gold pieces.

Inventory:

Hand Weapons
 a - a +0 quarterstaff
 b - a +0 spear (weapon)
Missiles
 d - 3 throwing nets
 e - a boomerang (quivered)
 h - 7 stones
Armour
 c - a +0 hat (worn)
 g - a +0 robe (worn)
Scrolls
 f - a scroll of poison {unknown}
Potions
 i - a potion of curing {unknown}


   Skills:
 - Level 1.5 Fighting
 + Level 2.4 Staves
 - Level 2.0 Throwing
 - Level 4.0 Dodging


You couldn't memorise any spells.
You didn't know any spells.
Your spell library contained the following spells:

 Spells                   Type           Power      Damage    Failure   Level
 Magic Dart               Conj           0%         1d3       38%         1
 Searing Ray              Conj           0%         2d4       52%         2
 Fulminant Prism          Conj/Alch      0%         3d5       99%         4


Dungeon Overview and Level Annotations

Branches:
Dungeon (1/15)

Altars:


Innate Abilities, Weirdness & Mutations

You are very small and have problems with some larger weapons.
You are too small for most types of armour.
You have supernaturally acute eyesight. (SInv)
You cover ground extremely quickly. (Speed+++)


Message History

You miss the jackal. The jackal closely misses you. The jackal misses you.
The jackal bites you.
You take 1 damage, and have 8/10 hp.
You barely miss the jackal. The jackal bites you. x2
* * * LOW HITPOINT WARNING * * *
You take 3 damage, and have 5/10 hp.
MASSIVE DAMAGE!!
Unknown command.
The jackal attacks as it pursues you! The jackal closely misses you.
You throw a boomerang. The boomerang misses the jackal.
The boomerang hits the jackal.
You kill the jackal!
You throw a boomerang. The boomerang barely misses the jackal.
You throw a boomerang.
The boomerang closely misses the jackal. x2
b - a +0 spear (weapon)
You hit the jackal but do no damage. The jackal bites you.
* * * LOW HITPOINT WARNING * * *
You take 3 damage, and have 4/10 hp.
MASSIVE DAMAGE!!
You barely miss the jackal.
The jackal bites you but does no damage.
The jackal barely misses you.
You barely miss the jackal. The jackal barely misses you.
You hit the jackal but do no damage. The jackal barely misses you.
The jackal misses you.
You closely miss the jackal. The jackal barely misses you.
You closely miss the jackal. The jackal bites you.
* * * LOW HITPOINT WARNING * * *
You take 2 damage, and have 3/10 hp.
You hit the jackal.
The jackal is moderately wounded.
The jackal bites you.
* * * LOW HITPOINT WARNING * * *
The jackal completely misses you.
You take 2 damage, and have 1/10 hp.
You hit the jackal.
The jackal is heavily wounded.
The jackal bites you.
You die...

#.......†.......#
##.######.......# #
#####†......#
..##.......# #
#.##.......#
#.###.###.#######
#.#......h.......
#........h########
###'##.###@.......
#....#..##.#######
#....##.##.#
#....##..†.# #
###.#####..#....
#............#
########.#######...
##....##..###...###.
#...#....##.......##


You could see 2 jackals.

Levels and vault maps discovered:
D:1:      dpeg_arrival_three_same_balls, layout_basic

Notes
Turn   | Place    | Note
-------+----------+-------------------------------------------
     0 | D:1      | puppykicker the Spriggan Gladiator began the quest for the
                  | Orb.
     0 | D:1      | Reached XP level 1. HP: 10/10 MP: 2/2
    50 | D:1      | Identified a +0 spear
   106 | D:1      | Identified a +0 quarterstaff
   167 | D:1      | HP: 1/10 [jackal (3)]
   168 | D:1      | Slain by a jackal

Table legend: (Time is in decaauts)
 A = Elapsed time spent in this place.
 B = Non-inter-level travel time spent in this place.
 C = Inter-level travel time spent in this place.
 D = Time resting spent in this place.
 E = Time spent auto-exploring this place.
 F = Levels seen in this place.
 G = Mean time per level.
                   A        B        C        D        E       F      G
               +--------+--------+--------+--------+--------+-----+--------+
         Total |    118 |    118 |      0 |     12 |     42 |   1 |  118.0 |
       Dungeon |    118 |    118 |      0 |     12 |     42 |   1 |  118.0 |
               +--------+--------+--------+--------+--------+-----+--------+

Top non-repeatable levels by time:
     D:1: 118 daAuts

Table legend:
 A = Kills in this place as a percentage of kills in the entire game.
 B = Kills by you in this place as a percentage of kills by you in the entire game.
 C = Kills by friends in this place as a percentage of kills by friends in the entire game.
 D = Other kills in this place as a percentage of other kills in the entire game.
 E = Experience gained in this place as a percentage of experience gained in the entire game.
 F = Experience gained in this place divided by the number of levels of this place that you have seen.
                   A       B       C       D       E      F
               +-------+-------+-------+-------+-------+----------------------
         Total | 100.0 | 100.0 |   N/A |   N/A | 100.0 |   6.0
       Dungeon | 100.0 | 100.0 |   N/A |   N/A | 100.0 |   6.0
               +-------+-------+-------+-------+-------+----------------------

Action                     || total
---------------------------++-------
  Melee: Spear             ||    15
         Quarterstaff      ||     5
  Throw: Boomerang         ||     3
   Stab: Sleeping          ||     1
 Armour: Robe              ||     9
  Dodge: Dodged            ||    14

Vanquished Creatures
  An endoplasm (D:1)
  A jackal (D:1)
  A bat (D:1)
  A rat (D:1)
4 creatures vanquished.
